 Dungeon Crawl Stone Soup version 0.19.5 (webtiles) character file.

7 tidbits the Cutter (level 1, 1/13 HPs)
             Began as a High Elf Wanderer on Oct 28, 2017.
             Was a Follower of Trog.
             Quit the game on level 2 of the Dungeon.
             The game lasted 00:02:44 (155 turns).

tidbits the Cutter (High Elf Wanderer)               Turns: 155, Time: 00:02:45

Health: 1/13       AC:  3    Str: 11    XL:     1   Next: 91%
Magic:  2/2        EV:  9    Int: 15    God:    Trog [*.....]
Gold:   15         SH:  7    Dex: 14    Spells: 0 memorised, 0 levels left

rFire  . . .     SeeInvis .     b - +0 mace
rCold  . . .     Gourm    .     B - +0 robe
rNeg   . . .     Faith    .     D - +0 shield
rPois  .         Spirit   .     (no helmet)
rElec  .         Reflect  .     C - +0 cloak
rCorr  .         Harm     .     (no gloves)
MR     .....                    (no boots)
Stlth  ++........               (no amulet)
                                (no ring)
                                (no ring)

@: exhausted, slowed, very slow
A: no striking features
a: Berserk, Burn Spellbooks, Renounce Religion


You were on level 2 of the Dungeon.
You worshipped Trog.
Trog was aware of your devotion.
You were not hungry.

You visited 1 branch of the dungeon, and saw 2 of its levels.

You collected 15 gold pieces.

Inventory:

Hand Weapons
 b - a +0 mace (weapon)
 e - a +0 dagger
Missiles
 a - 14 arrows
 d - 42 stones (quivered)
 l - 10 sling bullets
Armour
 B - a +0 robe (worn)
 C - a +0 cloak (worn)
   (You found it on level 2 of the Dungeon)
 D - a +0 shield (worn)
Scrolls
 j - a scroll of identify
Potions
 c - 2 potions of curing
 g - a potion of degeneration
Comestibles
 f - a bread ration


   Skills:
 + Level 1.5 Fighting
 - Level 2.4 Short Blades
   Level 2.0 Crossbows
 - Level 1.7 Armour
 + Level 0.9 Dodging
 - Level 2.1 Stealth
 + Level 1.1 Shields


You couldn't memorise any spells.
You didn't know any spells.

Dungeon Overview and Level Annotations

Branches:
Dungeon (2/15)

Altars:
Trog

Annotations:
D:2 Robin


Message History

You barely miss the kobold. The kobold hits you with a whip.
You closely miss the kobold. The kobold closely misses you.
You block the kobold's attack.
You closely miss the kobold. You block the kobold's attack.
You closely miss the kobold. The kobold barely misses you.
You block the kobold's attack.
You closely miss the kobold. The kobold hits you but does no damage.
You sock the kobold!
You kill the kobold!
A worm comes into view.
Things that are here:
a whip; a kobold corpse
Found a potion of curing.
Found 24 stones.
You see here 10 sling bullets.
l - 10 sling bullets
Found 5 gold pieces.
You see here a potion of curing.
c - 2 potions of curing (gained 1)
Found a faded altar of an unknown god.
You see here 24 stones.
d - 42 stones (gained 24)
Found a scroll labeled SAHU ROGIXUZEI.
Found a cloak.
You see here 5 gold pieces.
You now have 15 gold pieces (gained 5).
There is a faded altar of an unknown god here.
You cannot tell which god this altar belongs to.
Convert to them anyway?
Okay, then.
You aren't carrying any pieces of jewellery.
There is a faded altar of an unknown god here.
You cannot tell which god this altar belongs to.
Convert to them anyway?
Trog accepts your prayer! Trog welcomes you!
You can now call upon Trog to burn spellbooks in your surroundings.
You can now go berserk at will.
You see here a cloak.
m - a cloak Wear which item? (? for menu, Esc to quit)
You start putting on your armour.
You continue putting on your cloak. x4
You finish putting on your +0 cloak.
Adjust (i)tems, (s)pells, or (a)bilities?
Adjust which item? (? for menu, Esc to quit)
m - a +0 cloak (worn)
Adjust to which letter? (? for menu, Esc to quit)
C - a +0 cloak (worn)
You see here a scroll labeled SAHU ROGIXUZEI.
A red film seems to cover your vision as you go berserk!
You feel yourself moving faster!
You feel mighty!
You feel a lot more hungry.
You hit the worm.
The worm is moderately wounded.
You thump the worm!
You kill the worm!
Trog accepts your kill.
You feel a strong urge to attack something.
You see here a scroll labeled SAHU ROGIXUZEI.
j - 2 scrolls labeled SAHU ROGIXUZEI (gained 1)
You feel your anger subside.
You are no longer berserk.
You are exhausted.
You feel yourself slow down. As you open the door, it creaks loudly!
An adder, 8 goblins, a hobgoblin and Robin come into view.
Robin is wielding a dagger of venom.
Robin shouts!
The goblin shouts! x3
The adder bites you but does no damage.
Robin says, "We wiped out the hill dwarves - you're next!"
Robin throws the goblin at you!
The goblin shouts!
You block the goblin's attack.
The goblin shouts! x2; The hobgoblin shouts!
The goblin shouts!
A hobgoblin comes into view. It is wielding a club.
The hobgoblin shouts!
As you read the scroll labeled SAHU ROGIXUZEI, it crumbles to dust.
It is a scroll of identify.
g - a potion of degeneration The adder bites you but does no damage.
Robin roars a battlecry!
The goblins go into a battle-frenzy!
The adder bites you.
* * * LOW HITPOINT WARNING * * *
The goblin hits you with a dagger.
* * * LOW HITPOINT WARNING * * *
Unknown command.
As you read the scroll labeled ACIKEE IFOLUS, it crumbles to dust.
Your ears itch!
It was a scroll of random uselessness.
The adder bites you but does no damage. You block the goblin's attack.
The adder bites you.
* * * LOW HITPOINT WARNING * * *
As you read the scroll labeled ROP HEENUFURGHO, it crumbles to dust.
You feel aware of your surroundings.
You sensed 2 altars.
It was a scroll of magic mapping.
The adder barely misses you. You block the goblin's attack.
The adder bites you.
* * * LOW HITPOINT WARNING * * *
The goblin closely misses you.
As you read the scroll labeled GIXOKAORAE, it crumbles to dust.
You feel blessed for a moment.
It was a scroll of remove curse.
The adder barely misses you. You block the adder's attack.
You block the goblin's attack.
Are you sure you want to abandon this character and quit the game? (Confirm with "yes".)

######.....#.###..#*.#
#.......#..#......##.###****
#.####.#_#....##........,,,* *,*
#..#............#****,*
*,####.....#.......### *,*
*,#...............## *,*
*,#.###.####...#.## *,* *,#,*
#.# #####g# *****,*****
*,*,**#.# #@# *,,,,,,,,,*
*,,,,,..# *#S#* *,***,,,*,*
****,*### **ggg** *,* ***,*,* *
*,*** **gggg.***,* ***,*,* *
*,*,** **.ggg...**,***,*,*,*
****,,,,****.........*,,,,,,,,,*
,,,,,,,,,,,+.........+,,,,,,,***
****,,,,***#.........#***,,,,* *
*,*,******,,,,,,,** **,*,*


You could see Robin, an adder, 2 hobgoblins and 8 goblins.

Vanquished Creatures
  A worm (D:2)
  2 goblins (D:1)
  A kobold (D:2)
4 creatures vanquished.

Notes
Turn   | Place    | Note
-------+----------+-------------------------------------------
     0 | D:1      | tidbits the High Elf Wanderer began the quest for the Orb.
     0 | D:1      | tidbits set off with: a +0 shield, a +0 mace, a potion of curing, a +0 robe, a +0 dagger, a bread ration
     0 | D:1      | Reached XP level 1. HP: 13/13 MP: 2/2
   114 | D:2      | Found a faded altar of an unknown god.
   124 | D:2      | Became a worshipper of Trog the Wrathful
   124 | D:2      | Reached * piety under Trog
   150 | D:2      | Noticed Robin
   153 | D:2      | HP: 1/13 [adder (1)]
   155 | D:2      | Quit the game

Action                   || total
-------------------------++-------
Melee: Mace              ||    19
Invok: Berserk           ||     1
  Use: Scroll            ||     4
Armor: Robe              ||     5
Dodge: Dodged            ||     9
Block: Shield            ||    12

Table legend:
 A = Turns spent in this place as a percentage of turns spent in the entire game.
 B = Non-inter-level travel turns spent in this place as a percentage of non-inter-level travel turns spent in the entire game.
 C = Inter-level travel turns spent in this place as a percentage of turns spent in this place.
 D = Turns resting spent in this place as a percentage of non-inter-level travel turns spent in this place.
 E = Turns spent auto-exploring this place as a percentage of non-inter-level travel turns spent in this place.
 F = Non-inter-level travel turns spent in this place divided by the number of levels of this place that you've seen.
                   A       B       C       D       E      F
               +-------+-------+-------+-------+-------+----------------------
         Total | 100.0 | 100.0 |   0.0 |   0.0 |   0.0 |  84.0
       Dungeon | 100.0 | 100.0 |   0.0 |   0.0 |   0.0 |  84.0
               +-------+-------+-------+-------+-------+----------------------

Table legend:
 A = Kills in this place as a percentage of kills in entire the game.
 B = Kills by you in this place as a percentage of kills by you in the entire game.
 C = Kills by friends in this place as a percentage of kills by friends in the entire game.
 D = Other kills in this place as a percentage of other kills in the entire game.
 E = Experience gained in this place as a percentage of experience gained in the entire game.
 F = Experience gained in this place divided by the number of levels of this place that you have seen.
                   A       B       C       D       E      F
               +-------+-------+-------+-------+-------+----------------------
         Total | 100.0 | 100.0 |  -nan |  -nan | 100.0 |   5.5
       Dungeon | 100.0 | 100.0 |  -nan |  -nan | 100.0 |   5.5
               +-------+-------+-------+-------+-------+----------------------

Vault maps used:
D:1:      dpeg_arrival_lava_temple_mockup
D:2:      overflow_temple_1_default, ecumenical_altar_1,
          okawaru_altar_gauntlet_db, uniq_robin
